 Dungeon Crawl Stone Soup version 0.22-a0-422-g9628fc8 (webtiles) character file.

83 Jynxie the Skirmisher (level 4, -1/29 HPs)
             Began as a Gargoyle Fighter on May 19, 2018.
             Slain by an orc priest
             ... wielding a +0 flail
              (3 damage)
             ... on level 3 of the Dungeon.
             The game lasted 00:09:36 (2118 turns).

Jynxie the Skirmisher (Gargoyle Fighter)            Turns: 2118, Time: 00:09:37

Health: -1/29      AC: 10    Str: 20    XL:     4   Next: 44%
Magic:  13/13      EV:  8    Int:  9    God:
Gold:   79         SH:  9    Dex:  9    Spells: 3/3 levels left

rFire    . . .     SeeInvis .   a - +0 trident
rCold    . . .     Gourm    .   c - +0 shield
rNeg     + . .     Faith    .   i - +0 ring mail
rPois    ∞         Spirit   .   (no helmet)
rElec    +         Reflect  .   (no cloak)
rCorr    .         Harm     .   l - +0 pair of gloves
MR       .....                  (no boots)
Stlth    ..........             (no amulet)
HPRegen  0.09/turn              p - ring of magical power
MPRegen  0.13/turn              (no ring)

@: no status effects
A: negative energy resistance 1, electricity resistance, unbreathing,
petrification resistance, rot immunity, AC +3
a: no special abilities


You were on level 3 of the Dungeon.
You were hungry.

You visited 1 branch of the dungeon, and saw 3 of its levels.

You collected 79 gold pieces.

Inventory:

Hand Weapons
 a - a +0 trident (weapon)
Armour
 b - a +0 scale mail
 c - a +0 shield (worn)
 i - a +0 ring mail (worn)
 l - a +0 pair of gloves (worn)
 m - a cursed +0 ring mail
Jewellery
 p - a ring of magical power (left hand)
Scrolls
 e - 3 scrolls of remove curse
 h - a scroll of magic mapping {unknown}
 j - a scroll of identify
 n - a scroll of blinking {unknown}
 o - a scroll of enchant weapon {unknown}
 r - 2 scrolls of teleportation {unknown}
Potions
 d - a potion of might
 g - a potion of curing
 k - a potion of haste {unknown}
 s - a potion of lignification {unknown}
Comestibles
 f - 5 rations


   Skills:
 * Level 4.3 Fighting
 + Level 2.4 Polearms
 + Level 3.8 Armour
 + Level 3.8 Shields


You had 3 spell levels left.
You didn't know any spells.
Your spell library was empty.

Dungeon Overview and Level Annotations

Branches:
Dungeon (3/15)

Altars:
Qazlal


Innate Abilities, Weirdness & Mutations

You are resistant to torment.
Your stone body is resilient. (AC +3)
You are immune to poison.
You resist negative energy. (rN+)
You are resistant to electric shocks. (rElec)
You can survive without breathing.
You are immune to petrification.
You are immune to rotting.


Message History

You barely miss the orc priest.
The orc priest is heavily wounded.
The orc priest mumbles some strange prayers to Beogh against you.
Beogh smites you!
* * * LOW HITPOINT WARNING * * *
You are too injured to fight recklessly!
You are too injured to fight recklessly!
You hit the orc priest but do no damage.
The orc priest is heavily wounded.
The orc priest hits you but does no damage.
You closely miss the orc priest.
The orc priest is heavily wounded.
You block the orc priest's attack.
You closely miss the orc priest.
The orc priest is heavily wounded.
The orc priest casts a cantrip, but nothing happens.
Your shield and ring mail prevent you from hitting the orc priest.
The orc priest is heavily wounded.
The orc priest hits you with a flail.
You die...

...#############.#
...# #.# ...# #.#
...# #.# ...# #.#
...# #.# ...# #.#
#.# #@#
################o##
.........o........#
###################


You could see an orc priest.

Vanquished Creatures
  4 adders
  2 worms (D:3)
  A dart slug (D:1)
  2 leopard geckos
  3 orcs (D:3)
  3 giant cockroaches (D:1)
  3 goblins
  5 hobgoblins
  2 quokkas
  3 bats
  3 kobolds
  3 rats
34 creatures vanquished.

Notes
Turn   | Place    | Note
-------+----------+-------------------------------------------
     0 | D:1      | Jynxie the Gargoyle Fighter began the quest for the Orb.
     0 | D:1      | Reached XP level 1. HP: 14/14 MP: 1/1
   327 | D:1      | Reached XP level 2. HP: 19/19 MP: 2/2
  1125 | D:2      | Reached XP level 3. HP: 24/24 MP: 3/3
  1267 | D:2      | Found a stormy altar of Qazlal.
  1322 | D:2      | Reached skill level 4 in Fighting
  1507 | D:2      | Reached XP level 4. HP: 9/29 MP: 4/4
  2114 | D:3      | HP: 1/29 [orc priest/divine providence (14)]
  2118 | D:3      | Slain by an orc priest

Vault maps used:
D:1:      grunt_arrival_lava_bath
D:2:      old_standard_altar

Skill      XL: |  1  2  3 |
---------------+----------+-----
Polearms       | 2 |  2.4
Fighting       | 4 |  4.3
Armour         | |  3.8
Shields        | |  3.8

Action                   |  1- 3 |  4- 6 || total
-------------------------+-------+-------++-------
Melee: Trident           |   138 |    57 ||   195
  Use: Potion            |     1 |       ||     1
       Scroll            |     2 |       ||     2
  Eat: Ration            |     1 |       ||     1
Armor: Scale mail        |     9 |       ||     9
       Ring mail         |    45 |    18 ||    63
Dodge: Dodged            |    47 |     9 ||    56
Block: Shield            |    85 |    25 ||   110

Table legend:
 A = Spawn XP
 B = Non-spawn XP
 C = Spawn XP percentage of total XP
 D = Spawn monster count
 E = Non-spawn monster count
 F = Spawn count percentage of total count
 G = Total turns spent on level
                    A         B        C        D         E        F      G
               +---------+---------+-------+---------+---------+-------+---------
         Total |       0 |     119 |   0.0 |       0 |      34 |   0.0 |  2118
               +---------+---------+-------+---------+---------+-------+---------
           D:1 |       0 |      28 |   0.0 |       0 |      15 |   0.0 |   943
           D:2 |       0 |      48 |   0.0 |       0 |       7 |   0.0 |   710
           D:3 |       0 |      43 |   0.0 |       0 |      12 |   0.0 |   465
               +---------+---------+-------+---------+---------+-------+---------
